 Dungeon Crawl Stone Soup version 0.28.0-53-g5a82cb258f (webtiles) character file.

Game seed: 11237162929374282343

4316 Peloso the Carver (level 10, -4/88 HPs)
             Began as a Minotaur Fighter on July 16, 2022.
             Was an Elder of Okawaru.
             Slain by an unseen horror (shapeshifter) (6 damage)
             ... on level 9 of the Dungeon.
             The game lasted 00:13:48 (8542 turns).

Peloso the Carver (Minotaur Fighter)                Turns: 8542, Time: 00:13:49

Health: -4/88      AC: 14    Str: 23    XL:     10   Next: 11%
Magic:  9/9        EV:  8    Int:  5    God:    Okawaru [****..]
Gold:   427        SH:  5    Dex: 12    Spells: 9/9 levels left

rFire   . . .      SeeInvis .   a - +1 long sword (flame)
rCold   . . .      Faith    .   c - +0 buckler
rNeg    + . .      Spirit   .   y - +0 plate armour
rPois   +          Reflect  .   (helmet restricted)
rElec   .          Harm     .   (no cloak)
rCorr   .          Rampage  .   (no gloves)
Will    .....                   (no boots)
Stlth   ..........              (no amulet)
HPRegen 0.24/turn               f - ring of poison resistance
MPRegen 0.11/turn               u - ring of positive energy

@: about to teleport, marked, studying Summonings
A: horns 2, retaliatory headbutt
a: Renounce Religion, Heroism, Finesse


You were on level 9 of the Dungeon.
You worshipped Okawaru.
Okawaru was greatly pleased with you.
You visited 1 branch of the dungeon, and saw 9 of its levels.
You also visited: Sewer.

You collected 526 gold pieces.
You spent 99 gold pieces at shops.

Inventory:

Hand Weapons
 a - a +1 long sword of flaming (weapon)
Missiles
 h - 3 throwing nets (quivered)
Armour
 b - a +0 chain mail
 c - a +0 buckler (worn)
 r - the +1 hat "Bashry" {rN+ Regen+ Int+3 Slay-3}
   (You found it on level 5 of the Dungeon)

   Int:       It affects your intelligence (+3).
   Slay:      It affects your accuracy & damage with ranged weapons and melee
   (-3).
   rN:        It protects you from negative energy.
   Regen:     It increases your rate of health regeneration.
 y - a +0 plate armour (worn)
Jewellery
 f - a ring of poison resistance (left hand)
 s - a +4 ring of evasion
 u - a ring of positive energy (right hand)
Wands
 t - a wand of acid (4)
 w - a wand of paralysis (3)
Scrolls
 i - 2 scrolls of teleportation
 j - a scroll of blinking
 o - 2 scrolls of fog
 p - a scroll of amnesia
 v - 2 scrolls of holy word {unknown}
 x - a scroll of enchant weapon
Potions
 d - a potion of might
 e - 5 potions of flight
 g - 2 potions of mutation
 k - 2 potions of heal wounds
 l - 5 potions of curing
 m - a potion of cancellation
 n - 2 potions of brilliance
 q - a potion of attraction {unknown}
 z - a potion of resistance


   Skills:
 + Level 8.2 Fighting
 + Level 11.1 Long Blades
 + Level 10.4 Armour
 + Level 3.5 Dodging
 + Level 0.3 Stealth
 + Level 5.8 Shields
 + Level 0.8 Evocations


You had 9 spell levels left.
You didn't know any spells.
Your spell library contained the following spells:

 Spells                   Type           Power      Damage    Failure   Level
 Magic Dart               Conj           0%         1d3       100%        1
 Pain                     Necr           0%         1d4       100%        1
 Gell's Gravitas          Tloc           0%         N/A       100%        3
 Lesser Beckoning         Tloc           0%         N/A       100%        3
 Mephitic Cloud           Conj/Pois/Air  0%         N/A       100%        3
 Ozocubu's Armour         Ice            0%         N/A       100%        3
 Teleport Other           Tloc           0%         N/A       100%        3
 Vampiric Draining        Necr           0%         2d6       100%        3
 Anguish                  Hex/Necr       0%         N/A       100%        4
 Metabolic Englaciation   Hex/Ice        0%         N/A       100%        5
 Enfeeble                 Hex            0%         N/A       100%        7
 Animate Skeleton         Necr           Unusable   N/A       N/A         1
 Call Imp                 Summ           Unusable   N/A       N/A         2
 Tukima's Dance           Hex            Unusable   N/A       N/A         3
 Simulacrum               Ice/Necr       Unusable   N/A       N/A         6

Dungeon Overview and Level Annotations

Branches:
Dungeon (9/15)             Temple (0/1) D:7           Sewer (visited)
   Lair: D:8-11         Orc: D:9-12

Altars:
Okawaru

Shops:
D:3 !   D:9 [

Annotations:
D:7 2 runed translucent doors, jaiteiro's ghost, novice GnCj
D:9 4 transporters, Harold


Innate Abilities, Weirdness & Mutations

You have a pair of horns on your head.
You reflexively headbutt those who attack you in melee.


Message History

You become entangled in the net!
You see here a throwing net.
You struggle against the net.
Something hits you but does no damage.
Deactivating autopickup; reactivate with Ctrl-A.
Something hits you but does no damage.
You struggle against the net.
Something hits you but does no damage. Something hits you.
The acid dragon spits acid at you.
The splash of acid hits you but does no damage.
Something hits you but does no damage.
You rip the net and break free!
You block something's attack. Something hits you! x2
You miss something. Something hits you but does no damage. Something hits you!
A killer bee comes into view.
Something hits you.
You slash something! You burn something. Your headbutt misses something.
You block something's attack. Something hits you. Something hits you!
The killer bee stings you.
Unknown command.
You miss something. Your headbutt misses something.
Something hits you but does no damage. x2
The killer bee stings you but does no damage.
Harold says, "My wife will appreciate not having to wash blood out of my clothes anymore."
Harold hits you but does no damage. You block the acid dragon's attack.
The acid dragon barely misses you. Something hits you!
The killer bee stings you but does no damage.
As you read the scroll of teleportation, it crumbles to dust.
You feel strangely unstable. Something hits you. x2
* * * LOW HITPOINT WARNING * * *
The killer bee closely misses you.
Harold drinks a potion.
Harold seems to grow stronger.
You block the acid dragon's attack. The acid dragon barely misses you.
Something hits you.
* * * LOW HITPOINT WARNING * * *
A killer bee comes into view.
The killer bee stings you but does no damage.
A killer bee comes into view.
Something hits you but does no damage. x2; Harold hits you with a +0 war axe!!
* * * LOW HITPOINT WARNING * * *
The killer bee closely misses you. Something hits you.
You die...

.. ... .# ### ##.####.# .
..# ###..©#... .. #.#####
#...©....# ... ......##
#.#©..#..##.... #####..#
#.##.##.....### .#
##.####..#.y@@D......
######..#....#...y...?.#
##....#.#.##...y.........
...##.#...##.#y##########
#..##.##..##.#.# ...
#.........##.#.# ###
#########.##.#.#
#.##.#.#.# ##
#.[#.#.#.#YY#


You could see Harold (strong), an acid dragon and 4 killer bees.

Vanquished Creatures
  Psyche (D:8)
  9 yaks
  2 steam dragons (D:7)
  2 water moccasins
  2 orc warriors
  A sky beast (D:6)
  2 necrophages
  An ogre (D:4)
  2 centaurs
  A phantom (D:7)
  4 kobold brigands
  2 scorpions
  5 killer bees (D:8)
  A centaur zombie (D:8)
  A jelly (D:4)
  A bullfrog skeleton (D:5)
  2 gnoll shamans
  5 orc priests
  A centaur skeleton (D:5)
  3 iguanas
  4 orc wizards
  A hound skeleton (D:4)
  A howler monkey zombie (D:9)
  21 gnolls
  7 adders
  2 shadow imps (D:7)
  2 white imps
  2 adder skeletons (D:4)
  2 worms
  2 dart slugs (D:4)
  10 orcs
  3 bats
  7 endoplasms
  4 giant cockroaches
  7 goblins
  5 hobgoblins
  7 jackals
  20 kobolds
  4 quokkas
  9 ball pythons
  3 frilled lizards
  5 rats
176 creatures vanquished.

Vanquished Creatures (others)
  A kobold (D:8)
1 creature vanquished.

Grand Total: 177 creatures vanquished

Notes
Turn   | Place    | Note
-------+----------+-------------------------------------------
     0 | D:1      | Peloso the Minotaur Fighter began the quest for the Orb.
     0 | D:1      | Reached XP level 1. HP: 19/19 MP: 0/0
   367 | D:1      | Reached XP level 2. HP: 27/27 MP: 1/1
  1121 | D:2      | Found a faded altar of an unknown god.
  1206 | D:2      | Reached skill level 3 in Long Blades
  1339 | D:2      | Reached XP level 3. HP: 33/33 MP: 2/2
  1619 | D:3      | Reached XP level 4. HP: 17/41 MP: 3/3
  1895 | D:3      | Found Weje's Distillery.
  1907 | D:3      | Bought a potion of mutation for 88 gold pieces
  1907 | D:3      | Bought a potion of degeneration for 11 gold pieces
  2375 | D:4      | Reached skill level 5 in Armour
  2387 | D:4      | Noticed an ogre
  2393 | D:4      | Killed an ogre
  2394 | D:4      | Reached skill level 4 in Long Blades
  2394 | D:4      | Reached XP level 5. HP: 33/47 MP: 4/4
  2574 | D:4      | Found a glowing drain.
  2588 | D:4      | Reached skill level 5 in Long Blades
  2590 | D:4      | Reached XP level 6. HP: 32/53 MP: 5/5
  2598 | Sewer    | Entered a sewer
  2889 | Sewer    | Found a glowing silver altar of Zin.
  2956 | D:4      | Reached skill level 6 in Long Blades
  3286 | D:4      | Found an iron altar of Okawaru.
  3380 | D:4      | Became a worshipper of Warmaster Okawaru
  3475 | D:4      | Reached skill level 5 in Fighting
  3475 | D:4      | Reached XP level 7. HP: 45/61 MP: 6/6
  4115 | D:5      | Entered Level 5 of the Dungeon
  4253 | D:5      | Reached skill level 7 in Long Blades
  4326 | D:5      | Reached skill level 1 in Dodging
  4331 | D:5      | Reached * piety under Okawaru
  4586 | D:5      | Identified the +1 hat "Bashry" {rN+ Regen+ Int+3 Slay-3}
  5119 | D:6      | Reached XP level 8. HP: 69/69 MP: 7/7
  5582 | D:6      | Reached skill level 8 in Long Blades
  5582 | D:6      | Reached skill level 5 in Shields
  5825 | D:7      | Found a staircase to the Ecumenical Temple.
  5924 | D:7      | Reached ** piety under Okawaru
  6021 | D:7      | Reached skill level 9 in Long Blades
  6103 | D:7      | Found a large runed translucent door.
  6103 | D:7      | Found a large runed translucent door.
  6104 | D:7      | Noticed jaiteiro's ghost (novice GnCj)
  6556 | D:7      | Reached XP level 9. HP: 42/78 MP: 8/8
  6986 | D:7      | Reached *** piety under Okawaru
  7016 | D:8      | Reached skill level 10 in Long Blades
  7288 | D:8      | Noticed Psyche
  7317 | D:8      | Killed Psyche
  7317 | D:8      | Reached **** piety under Okawaru
  7318 | D:8      | Reached skill level 10 in Armour
  7386 | D:8      | Reached XP level 10. HP: 31/88 MP: 9/9
  7689 | D:8      | Reached skill level 11 in Long Blades
  8435 | D:9      | Found a transporter.
  8437 | D:9      | Found a transporter.
  8475 | D:9      | Found Vokebb's Armour Emporium.
  8530 | D:9      | Found a transporter.
  8531 | D:9      | Found a transporter.
  8532 | D:9      | Noticed Harold
  8542 | D:9      | HP: 2/88 [Harold/+0 war axe (23)]
  8542 | D:9      | Slain by an unseen horror (shapeshifter)

Illustrated notes

Levels and vault maps discovered:
D:1:      wheals_arrival_linesprint, layout_basic,
          chequers_serial_rivers_small_a
D:2:      layout_basic, hellmonk_ecumenical_altar_crossroads, st_stairs_6,
          cheibrodos_gnoll_hut
D:3:      layout_basic, serial_shops, shop
D:4:      layout_layer_cave, okawaru_metal_pillars_3, portal_sewer_entry_f,
          minmay_manual_monstrance
D:5:      layout_rooms
D:6:      layout_basic
D:7:      layout_gridville, minmay_temple_entry_mist,
          ebering_ghost_disaster_area
D:8:      layout_loops_cross, uniq_psyche
D:9:      layout_basic, serial_shops, nicolae_inconvenience_store,
          serial_nicolae_subway, nicolae_sub_station_metal,
          nicolae_sub_station_stone, nicolae_sub_station_crystal, uniq_harold

Skill      XL: |  1  2  3  4  5  6  7  8  9 10 |
---------------+-------------------------------+-----
Fighting       | 4 5 6 8 |  8.2
Armour         | 4 5 6 7 8 10 | 10.4
Shields        | 4 5 |  5.8
Long Blades    | 3 4 5 6 7 9 10 11 | 11.1
Dodging        | 1 2 3 |  3.5
Stealth        | |  0.3
Evocations     | |  0.8

Action                   |  1- 3 |  4- 6 |  7- 9 | 10-12 || total
-------------------------+-------+-------+-------+-------++-------
Melee: Long sword        |    74 |   128 |   234 |    38 ||   474
       Headbutt          |    12 |    16 |    41 |     5 ||    74
Invok: Heroism           |       |       |     1 |       ||     1
Evoke: Wand              |       |       |    10 |       ||    10
  Use: Scroll            |     6 |     2 |     5 |     1 ||    14
       Potion            |     3 |       |       |       ||     3
Armor: Scale mail        |    44 |     7 |       |       ||    51
       Chain mail        |       |    50 |    78 |       ||   128
       Plate armour      |       |       |    19 |    44 ||    63
Dodge: Dodged            |    55 |    42 |    76 |    13 ||   186
Block: Buckler           |    20 |    24 |    49 |    10 ||   103
